 Dungeon Crawl Stone Soup version 0.31-a0-986-g5e6e4ef867 (webtiles) character file.

Game seed: 3602001819729184650

43 monsoonserge the Changeling (level 3, -2/23 HPs)
             Began as an Octopode Shapeshifter on Nov 18, 2023.
             Slain by a gnoll
             ... wielding a +0 whip
              (6 damage)
             ... on level 2 of the Dungeon.
             The game lasted 00:01:43 (680 turns).

monsoonserge the Changeling (Octopode Shapeshifter)  Turns: 680, Time: 00:01:43

Health: -2/23      AC:  1    Str: 15    XL:     3   Next: 58%
Magic:  3/3        EV: 13    Int: 12    God:
Gold:   36         SH:  0    Dex: 11    Spells: 2/2 levels left

rFire   . .          .
                       - Unarmed
rCold   . . .        (no shield)
rNeg    . . .        (helmet currently unavailable)
rPois   .            (no amulet)
rElec   .            (no ring)
rCorr   .            (no ring)
SInv    .            (no ring)
Will    .....        (no ring)
Stlth   ++           (no ring)
HPRegen 0.23/turn    (no ring)
MPRegen 0.08/turn    (no ring)
                     (no ring)

%: no passive effects
@: beast-form
A: beast (slay +2), almost no armour, amphibious, 8 rings, camouflage 1,
gelatinous body 1, (nimble swimmer 1), tentacles
a: Begin Untransformation


You were on level 2 of the Dungeon.
You were a hulking beast.
You visited 1 branch of the dungeon, and saw 2 of its levels.

You collected 36 gold pieces.

Inventory:

Talismans
 b - a beast talisman
 c - a flux talisman
Scrolls
 f - a scroll of poison {unknown}
 g - a scroll of noise {unknown}
 i - a scroll of teleportation {unknown}
Potions
 a - a potion of lignification
 d - a potion of heal wounds
 e - a potion of enlightenment {unknown}
 h - a potion of magic {unknown}
 j - a potion of attraction {unknown}


   Skills:
 + Level 1.2 Fighting
 + Level 2.2 Dodging
 + Level 0.3 Stealth
 + Level 3.3 Unarmed Combat
 + Level 3.7 Shapeshifting


You had 2 spell levels left.
You didn't know any spells.
Your spell library was empty.

Dungeon Overview and Level Annotations

Branches:
Dungeon (2/15)

Altars:

Shops:
D:1 (


Innate Abilities, Weirdness & Mutations

You are a hulking beast.
Your limbs bulge with bestial killing power. (Slay +2)
You cannot wear most types of armour.
You are amphibious.
You can wear up to eight rings at the same time.
Your skin changes colour to match your surroundings (Stealth+).
Your rubbery body absorbs attacks. (AC +1, EV +1)
((You are camouflaged when in or above water. (Stealth+)))
You have tentacles for arms and can constrict up to eight enemies at once.


Message History

The gnoll is severely wounded.
You constrict the gnoll.
You constrict the gnoll, but do no damage.
The gnoll closely misses you.
The gnoll shoots a sling bullet.
The sling bullet hits you. The gnoll barely misses you.
You tentacle-slap the gnoll but do no damage.
The gnoll is severely wounded.
You constrict the gnoll. x2; The gnoll closely misses you.
The gnoll shoots a sling bullet.
The sling bullet barely misses you.
You tentacle-slap the gnoll.
You kill the gnoll!
You constrict the gnoll. The gnoll hits you with a +0 flail!
* * * LOW HITPOINT WARNING * * *
You have reached level 3!
Your experience leads to an increase in your attributes!
Increase (S)trength, (I)ntelligence, or (D)exterity?
You feel stronger. x2
It was a potion of heal wounds.
You feel much better.
You constrict the gnoll.
You kill the gnoll!
The gnoll shoots a sling bullet.
The sling bullet closely misses you. The gnoll closely misses you.
You barely miss the gnoll. Your grab misses the gnoll.
The gnoll shoots a sling bullet.
The sling bullet hits you. The gnoll closely misses you.
You tentacle-slap the gnoll. Your grab misses the gnoll.
The gnoll is moderately wounded.
The gnoll shoots a sling bullet.
The sling bullet barely misses you. The gnoll hits you with a +0 spear!
* * * LOW HITPOINT WARNING * * *
You bludgeon the gnoll!
You kill the gnoll!
The gnoll shoots a sling bullet.
The sling bullet hits you but does no damage.
The gnoll unwields a +0 sling.
The gnoll wields a +0 whip.
The gnoll hits you with a +0 whip.
* * * LOW HITPOINT WARNING * * *
You tentacle-slap the gnoll. You grab the gnoll.
The gnoll is moderately wounded.
You constrict the gnoll. The gnoll hits you with a +0 whip.
You die...

######### ###
#######........ .. #...
#.............. ...
#...###.)............ ....
##......)...........#
.............)...........#
................h..........
.................g.........
.... ......................
....#........#........?....
## .........#.............
###..........#....#....#...
...........................
###...#...####.........#
###...#...##..........


You could see a gnoll.

Vanquished Creatures
  3 gnolls (D:2)
  2 ball pythons
  An endoplasm (D:1)
  5 goblins
  A hobgoblin (D:1)
  A frilled lizard (D:1)
  A kobold (D:2)
  A rat (D:2)
15 creatures vanquished.

Notes
Turn   | Place    | Note
-------+----------+-------------------------------------------
     0 | D:1      | monsoonserge the Octopode Shapeshifter began the quest for
                  | the Orb.
     0 | D:1      | Reached XP level 1. HP: 13/13 MP: 1/1
    32 | D:1      | Found a faded altar of an unknown god.
   106 | D:1      | Reached XP level 2. HP: 18/18 MP: 2/2
   312 | D:1      | Found Rimom's Weapon Shoppe.
   673 | D:2      | Reached XP level 3. HP: 3/23 MP: 3/3
   680 | D:2      | Slain by a gnoll

Illustrated notes

Levels and vault maps discovered:
D:1:      minmay_arrival_wavy_path, layout_rooms, serial_shops, shop,
          ebering_ecumenical_altar_rust
D:2:      layout_basic, kennysheep_generic_room_2

Action                     || total
---------------------------++-------
  Melee: Unarmed           ||    32
         Constrict         ||     7
         Tentacles         ||     2
    Use: Potion            ||     1
 Armour: Skin              ||    11
  Dodge: Dodged            ||    31

Table legend: (Time is in decaauts)
 A = Elapsed time spent in this place.
 B = Non-inter-level travel time spent in this place.
 C = Inter-level travel time spent in this place.
 D = Time resting spent in this place.
 E = Time spent auto-exploring this place.
 F = Levels seen in this place.
 G = Mean time per level.
                   A        B        C        D        E       F      G
               +--------+--------+--------+--------+--------+-----+--------+
         Total |    678 |    573 |    105 |      0 |    387 |   2 |  339.0 |
       Dungeon |    678 |    573 |    105 |      0 |    387 |   2 |  339.0 |
               +--------+--------+--------+--------+--------+-----+--------+

Top non-repeatable levels by time:
     D:1: 554 daAuts
     D:2: 124 daAuts
